 Dungeon Crawl Stone Soup version 0.29.0-11-gd7f09526c8 (webtiles) character file.

Game seed: 5548681354963239735

53 BeingJoeMalik the Poker (level 3, -2/34 HPs)
             Began as a Naga Fighter on Sept 3, 2022.
             Slain by an orc
             ... wielding a +0 whip
              (3 damage)
             ... on level 3 of the Dungeon.
             The game lasted 00:03:56 (1589 turns).

BeingJoeMalik the Poker (Naga Fighter)              Turns: 1589, Time: 00:03:57

Health: -2/34      AC:  4    Str: 18    XL:     3   Next: 89%
Magic:  3/3        EV:  7    Int:  8    God:
Gold:   153        SH:  4    Dex: 12    Spells: 2/2 levels left

rFire   . . .      SeeInvis +   a - +0 trident
rCold   . . .      Faith    .   c - +0 buckler
rNeg    . . .      Spirit   .   b - +0 scale mail
rPois   +          Reflect  .   (no helmet)
rElec   .          Harm     .   (no cloak)
rCorr   .          Rampage  .   (no gloves)
Will    .....                   (no barding)
Stlth   ..........              (no amulet)
HPRegen 0.11/turn               (no ring)
MPRegen 0.08/turn               (no ring)

@: very slow
A: AC +1, large, see invisible, deformed body, poison resistance, slowness 2,
spit poison 1, naga tail 1
a: Spit Poison


You were on level 3 of the Dungeon.
You visited 1 branch of the dungeon, and saw 3 of its levels.

You collected 181 gold pieces.
You spent 28 gold pieces at shops.

Inventory:

Hand Weapons
 a - a +0 trident (weapon)
Missiles
 k - 3 curare-tipped darts
 n - a throwing net
Armour
 b - a +0 scale mail (worn)
 c - a +0 buckler (worn)
Scrolls
 j - 2 scrolls of identify
 l - 2 scrolls of teleportation
Potions
 d - a potion of might
 e - a potion of heal wounds {unknown}
 f - 3 potions of curing {unknown}
 h - a potion of attraction {unknown}
 m - a potion of mutation {unknown}
 p - 2 potions of brilliance {unknown}
 q - a potion of flight {unknown}


   Skills:
 - Level 3.0 Fighting
 + Level 4.1 Polearms
 - Level 2.4 Armour
 - Level 2.6 Shields


You had 2 spell levels left.
You didn't know any spells.
Your spell library contained the following spells:

 Spells                   Type           Power      Damage    Failure   Level
 Summon Small Mammal      Summ           0%         N/A       86%         1
 Call Canine Familiar     Summ           0%         N/A       99%         3
 Summon Guardian Golem    Hex/Summ       0%         N/A       99%         3


Dungeon Overview and Level Annotations

Branches:
Dungeon (3/15)

Altars:

Shops:
D:1 *


Innate Abilities, Weirdness & Mutations

Your serpentine skin is tough. (AC +1)
You have supernaturally acute eyesight. (SInv)
Armour fits poorly on your strangely shaped body.
Your system is resistant to poisons. (rPois)
You cover ground very slowly.
You can spit poison.
You have a snake-like lower body.


Message History

The orc hits you with a +0 falchion! The orc hits you with a +0 whip.
You hit the orc.
You kill the orc!
A hobgoblin comes into view.
The orc hits you with a +0 whip.
You hit the orc.
The orc is lightly wounded.
You have got your breath back.
The orc hits you but does no damage. The orc closely misses you.
You completely miss the orc.
The orc is lightly wounded.
The orc hits you with a +0 short sword. The orc barely misses you.
You hit the orc but do no damage.
The orc is lightly wounded.
You block the orc's attack.
You hit the orc.
The orc is almost dead.
The orc closely misses you. x2
You completely miss the orc.
The orc is almost dead.
The orc barely misses you. The orc hits you with a +0 whip.
You block the orc's attack. The orc hits you with a +0 short sword.
The orc hits you with a +0 whip. x2
* * * LOW HITPOINT WARNING * * *
You hit the hobgoblin but do no damage. The hobgoblin barely misses you.
You block the orc's attack. The orc hits you with a +0 whip.
* * * LOW HITPOINT WARNING * * *
The orc misses you.
Unknown command.
Unknown command.
The orc hits you but does no damage. You block the orc's attack.
The hobgoblin hits you.
* * * LOW HITPOINT WARNING * * *
Unknown command.
The orc attacks as you move away! The orc hits you with a +0 short sword.
* * * LOW HITPOINT WARNING * * *
The hobgoblin attacks as you move away!
The hobgoblin hits you but does no damage.
You block the orc's attack. The orc hits you with a +0 whip.
You die...

#...........#
#..$........
...#.......
#.....#
#!....#
#.#.#.#
#..)..#
#..ooo#
#.#g#@#
#.....#
#.....#
#.#.#.#
#.....#
#.....#
#.#.#.#
#.....#
#.....#


You could see 3 orcs.

Vanquished Creatures
  An adder (D:2)
  A worm (D:2)
  A dart slug (D:1)
  An orc (D:3)
  3 bats
  3 endoplasms
  A giant cockroach (D:1)
  2 goblins
  3 hobgoblins
  2 jackals (D:2)
  3 kobolds
  5 quokkas
  A ball python (D:2)
  2 frilled lizards
  6 rats
35 creatures vanquished.

Notes
Turn   | Place    | Note
-------+----------+-------------------------------------------
     0 | D:1      | BeingJoeMalik the Naga Fighter began the quest for the Orb.
     0 | D:1      | Reached XP level 1. HP: 21/21 MP: 1/1
   208 | D:1      | Reached XP level 2. HP: 25/28 MP: 2/2
   319 | D:1      | Found a faded altar of an unknown god.
   400 | D:1      | Reached skill level 3 in Polearms
   420 | D:1      | Found Vavott's General Store.
   428 | D:1      | Bought a scroll of identify for 28 gold pieces
   810 | D:2      | Reached XP level 3. HP: 34/34 MP: 3/3
  1185 | D:2      | Reached skill level 4 in Polearms
  1589 | D:3      | HP: 1/34 [orc/+0 short sword (1)]
  1589 | D:3      | Slain by an orc

Illustrated notes

Levels and vault maps discovered:
D:1:      ncdulo_halloftheorcs, layout_rooms,
          hellmonk_ecumenical_altar_crossroads, serial_shops, shop
D:2:      layout_loops_ring
D:3:      layout_loops_ring, portal_sewer_entry_f, columned_hall_lemuel,
          minmay_bisected

Skill      XL: |  1  2  3 |
---------------+----------+-----
Polearms       | 3 4 |  4.1
Fighting       | |  3.0
Armour         | |  2.4
Shields        | |  2.6

Action                   || total
-------------------------++-------
Melee: Trident           ||    77
 Abil: Spit Poison       ||    17
  Use: Scroll            ||     4
Armor: Scale mail        ||    21
Dodge: Dodged            ||    19
Block: Buckler           ||    15
